 Dungeon Sprint DCSS version 0.22.0-18-ge075c0d (webtiles) character file.

1048 poirepourri the Warrior (level 11, -3/117 HPs)
             Began as a Minotaur Fighter on Aug 18, 2018.
             Was an Initiate of Gozag.
             Slain by a wolf spider (24 damage)
             ... in the Dungeon (Sprint VI: "Thunderdome").
             The game lasted 00:05:39 (1202 turns).

poirepourri the Warrior (Minotaur Fighter)          Turns: 1202, Time: 00:05:41

Health: -3/117     AC:  2    Str: 21    XL:     11   Next: 23%
Magic:  10/10      EV: 18    Int: 12    God:    Gozag
Gold:   868        SH: 19    Dex: 20    Spells: 10/10 levels left

rFire    + + .     SeeInvis .   a - +0 war axe
rCold    + . .     Gourm    .   c - +0 shield
rNeg     . . .     Faith    .   d - +3 scale mail {MR+}
rPois    +         Spirit   .   (helmet restricted)
rElec    +         Reflect  +   (no cloak)
rCorr    +         Harm     .   (no gloves)
MR       +....     NoTele   +   (no boots)
Stlth    +.........             p - amulet of Ululog {Reflect rElec Int+4 SH+4}
HPRegen  0.29/turn              r - ring "Wuxiorept" {rCorr -Tele rElec Int+3 Slay+2}
MPRegen  0.12/turn              s - ring "Zeutroyg" {rF+ Dex+2}

@: agile, lethally poisoned (-3 -> -28), resistant, corroded, flying, very
slightly contaminated, slowed, invisible, very slow
A: retaliatory headbutt, horns 2
}: 1/15 runes: serpentine
a: Potion Petition, Call Merchant, Bribe Branch, Renounce Religion


You were in the Dungeon.
You worshipped Gozag.
Gozag was pleased with you.
You were not hungry.

You visited 1 branch You collected 4217 gold pieces.
You spent 965 gold pieces at shops.
You paid 2384 gold pieces to Gozag.

Inventory:

Hand Weapons
 a - a +0 war axe (weapon)
Missiles
 g - 20 bolts
Armour
 c - a +0 shield (worn)
 d - a +3 scale mail of magic resistance (worn)
Jewellery
 p - the amulet of Ululog (around neck) {Reflect rElec Int+4 SH+4}
   (You bought it in a shop in the Dungeon)

   [amulet of reflection]

   It shields you and reflects attacks.
   It affects your intelligence (+4).
   It insulates you from electricity.
   It affects your SH (+4).
 q - the ring of Abstinence {rC+ rN+}
   (You bought it in a shop in the Dungeon)

   [ring of positive energy]

   It protects you from cold.
   It protects you from negative energy.
 r - the ring "Wuxiorept" (left hand) {rCorr -Tele rElec Int+3 Slay+2}
   (You bought it in a shop in the Dungeon)

   [ring of resist corrosion]

   It affects your intelligence (+3).
   It affects your accuracy and damage with ranged weapons and melee attacks
   (+2).
   It insulates you from electricity.
   It prevents most forms of teleportation.
 s - the ring "Zeutroyg" (right hand) {rF+ Dex+2}
   (You bought it in a shop in the Dungeon)

   [ring of protection from fire]

   It affects your dexterity (+2).
   It protects you from fire.
 v - the ring "Fefar" {rPois rF+ MR+ Str-3, unknown}
   (You bought it in a shop in the Dungeon)

   [ring of protection from fire]

   It affects your strength (-3).
   It protects you from fire.
   It protects you from poison.
   It affects your resistance to hostile enchantments.
 w - the ring of Divine Compulsion {rC+ rN++ Str+3, unknown}
   (You bought it in a shop in the Dungeon)

   [ring of protection from cold]

   It affects your strength (+3).
   It protects you from cold.
   It greatly protects you from negative energy.
 x - the amulet "Viblip" {Spirit *Contam +Inv rF+ Stlth+, unknown}
   (You bought it in a shop in the Dungeon)

   [amulet of guardian spirit]

   It causes incoming damage to be split between your health and magic.
   It protects you from fire.
   It lets you turn invisible.
   It causes magical contamination when unequipped.
   It makes you more stealthy.
Wands
 b - a wand of polymorph (6)
 j - a wand of scattershot (3)
 m - a wand of acid (5)
 n - a wand of iceblast (5)
Scrolls
 k - 4 scrolls of blinking
 o - 3 scrolls of fog
 u - 3 scrolls of identify
Potions
 e - a potion of curing
 h - 4 potions of haste
 i - 2 potions of magic
 t - 11 potions of heal wounds
Comestibles
 f - 4 rations


   Skills:
 - Level 17.1 Fighting
 - Level 16.6 Axes
 - Level 4.3 Armour
 + Level 5.3 Dodging
 - Level 17.1 Shields


You had 10 spell levels left.
You didn't know any spells.
Your spell library was empty.

Dungeon Overview and Level Annotations

Branches:
Dungeon (1/1)

Altars:
Cheibriados
Dithmenos
Fedhas
Gozag
Kikubaaqudgha
Makhleb
Okawaru
Qazlal
Ru
Sif Muna
Trog
Uskayaw
Vehumet
Wu Jian
Xom
Yredelemnul
Zin
The Shining One
Beogh
Jiyva
Lugonu

Shops:
D *[%??*?*:[((!!!!


Innate Abilities, Weirdness & Mutations

You reflexively headbutt those who attack you in melee.
You have a pair of horns on your head.


Message History

You feel very sick. You block the redback's attack.
You block the entropy weaver's attack. x2
The entropy weaver hits you but does no damage.
The entropy weaver hits you!
* * * LOW HITPOINT WARNING * * *
Unknown command.
Unknown command.
You feel much better.
You feel very sick.
The tarantella hisses angrily.
The wolf spider closely misses you. The wolf spider bites you!
* * * LOW HITPOINT WARNING * * *
The entropy weaver hits you.
* * * LOW HITPOINT WARNING * * *
You block the entropy weaver's attack. The entropy weaver hits you.
* * * LOW HITPOINT WARNING * * *
You block the entropy weaver's attack. You block the redback's attack.
The wolf spider hits you!!
You die...
Your body crumbles into a pile of gold.

######.8..[......8.###
##∩__.......###......__
###∩.....[..8.# #.8......
##.[)(...).....###.[......
#⌠..........###...###.....
#⌠..........# #.<.# #.....
#⌠...)......###...###.....
##.......)...s.###........
###∩..[.@s..8.# #.8......
##∩___ass...###......__
######.8.)s......8.###
#§....s......⌠#
###...s.)...###
#.s......_# #_......._#
#_......._# #∩.......∩#


You could see an emperor scorpion (wandering), an entropy weaver, 2 demonic
crawlers, a wolf spider, a tarantella (wandering) and 3 redbacks.

Vanquished Creatures
  A ghoul (D)
  A naga warrior (D)
  A naga sharpshooter (D)
  A shock serpent (D)
  A queen bee (D)
  8 polar bears (D)
  3 bog bodies (D)
  Sigmund (D)
  2 orc warriors (D)
  3 necrophages (D)
  An ogre (D)
  A big kobold (D)
  5 killer bees (D)
  An orc priest (D)
  Terence (D)
  2 orc wizards (D)
  Ijyb (D)
  An adder (D)
  2 goblins (D)
  4 kobolds (D)
  A leopard gecko skeleton (D)
42 creatures vanquished.

Notes
Turn   | Place    | Note
-------+----------+-------------------------------------------
     0 | D        | poirepourri the Minotaur Fighter began the quest for the Orb.
     0 | D        | Reached XP level 1. HP: 19/19 MP: 0/0
     3 | D        | Found a deep blue altar of Sif Muna.
     4 | D        | Found a glowing golden altar of the Shining One.
     4 | D        | Found a snail-covered altar of Cheibriados.
     5 | D        | Found a corrupted altar of Lugonu.
     5 | D        | Found a viscous altar of Jiyva.
     5 | D        | Round 1.
     6 | D        | Found Jaresh's Delicious Food.
     6 | D        | Found a basalt altar of Yredelemnul.
     6 | D        | Found a roughly hewn altar of Beogh.
     6 | D        | Found Kerhiefy's Identification Station.
     7 | D        | Found Qossodit's Jewellery.
     7 | D        | Found Vuxoavei's Advanced Armour.
    21 | D        | Reached skill level 5 in Axes
    21 | D        | Reached XP level 2. HP: 22/26 MP: 1/1
    34 | D        | Bought a glittering amethyst amulet for 45 gold pieces
    34 | D        | Bought a flickering wooden ring for 45 gold pieces
    34 | D        | Bought an ancient glass ring for 45 gold pieces
    34 | D        | Identified the amulet of Ululog {Reflect rElec Int+4 SH+4} (You bought it in a shop in the Dungeon)
    35 | D        | Identified the ring of Abstinence {rC+ rN+} (You bought it in a shop in the Dungeon)
    36 | D        | Identified the ring "Wuxiorept" {rCorr -Tele rElec Int+3 Slay+2} (You bought it in a shop in the Dungeon)
    37 | D        | Bought a faintly glowing brass ring for 45 gold pieces
    38 | D        | Identified the ring "Zeutroyg" {rF+ Dex+2} (You bought it in a shop in the Dungeon)
    40 | D        | Noticed Terence
    43 | D        | Noticed Sigmund
    50 | D        | Killed Terence
    50 | D        | Reached XP level 3. HP: 25/31 MP: 2/2
    60 | D        | Killed Sigmund
    60 | D        | Reached XP level 4. HP: 20/39 MP: 3/3
    60 | D        | Reached XP level 5. HP: 23/45 MP: 4/4
    64 | D        | Found a bloodstained altar of Trog.
    65 | D        | Found a shimmering altar of Xom.
    65 | D        | Found Qobb's Premium Goods.
    66 | D        | Found Jonaecai's Miscellaneous Merchandise.
    66 | D        | Found Jaopud's Basic Armour.
    67 | D        | Arena points: 14 (+14) [x2]
    68 | D        | Found an opulent altar of Gozag.
    68 | D        | Found a shadowy altar of Dithmenos.
    68 | D        | Found a sacrificial altar of Ru.
    68 | D        | Found Ubeaxyl's Weapon Rack.
    79 | D        | Found a blossoming altar of Fedhas.
    80 | D        | Found a hide-covered altar of Uskayaw.
    84 | D        | Became a worshipper of Gozag Ym Sagoz the Greedy
   111 | D        | Round 2.
   121 | D        | Reached XP level 6. HP: 34/51 MP: 5/5
   156 | D        | Noticed Ijyb
   168 | D        | Found a glowing silver altar of Zin.
   168 | D        | Found a burning altar of Makhleb.
   168 | D        | Found an ornate altar of the Wu Jian Council.
   168 | D        | Found Iguwisk's Magic Scroll Shop.
   168 | D        | Found Icso's Staff Store.
   169 | D        | Found Kuimufub's Magic Scroll Shop.
   169 | D        | Found Ingeliti's Must-Have Magic.
   172 | D        | Found an ancient bone altar of Kikubaaqudgha.
   187 | D        | Killed Ijyb
   187 | D        | Arena points: 56 (+42) [x3]
   249 | D        | Round 3.
   252 | D        | Found an iron altar of Okawaru.
   252 | D        | Found Daddov's Do-It-Yourself Clinic.
   252 | D        | Found Qatistreicu's Bottled Wisdom.
   253 | D        | Found Taselufa's Distillery.
   258 | D        | Found Heicuuf's Distillery.
   258 | D        | Found a radiant altar of Vehumet.
   258 | D        | Found a stormy altar of Qazlal.
   279 | D        | Reached skill level 15 in Axes
   283 | D        | Noticed an orc warrior
   290 | D        | Killed an orc warrior
   313 | D        | Reached XP level 7. HP: 60/60 MP: 6/6
   375 | D        | Arena points: 140 (+84) [x4]
   421 | D        | Round 4.
   421 | D        | Noticed a queen bee
   430 | D        | Killed a queen bee
   430 | D        | Reached skill level 10 in Fighting
   480 | D        | Reached XP level 8. HP: 77/82 MP: 7/7
   542 | D        | Arena points: 280 (+140) [x5]
   566 | D        | Round 5.
   581 | D        | Noticed a shock serpent
   592 | D        | Noticed a naga sharpshooter
   596 | D        | Killed a shock serpent
   603 | D        | Noticed a naga warlord
   610 | D        | Killed a naga sharpshooter
   610 | D        | Reached XP level 9. HP: 41/100 MP: 8/8
   612 | D        | Noticed an anaconda
   624 | D        | Noticed a black mamba
   629 | D        | Noticed a naga mage
   630 | D        | Killed a naga warlord
   630 | D        | Arena points: 560 (+280) [x7]
   635 | D        | Got a serpentine rune of Zot
   638 | D        | Reached XP level 10. HP: 33/111 MP: 9/9
   683 | D        | Bought 3 potions of heal wounds for 105 gold pieces
   683 | D        | Bought 3 potions of heal wounds for 105 gold pieces
   683 | D        | Bought 3 potions of heal wounds for 105 gold pieces
   683 | D        | Bought 3 potions of heal wounds for 105 gold pieces
   806 | D        | Round 6.
   977 | D        | Arena points: 992 (+432) [x8]
   977 | D        | Reached skill level 15 in Shields
  1002 | D        | Round 7.
  1010 | D        | Bought 3 scrolls of identify for 150 gold pieces
  1017 | D        | Noticed a ghoul
  1019 | D        | Bought a glittering ivory ring for 45 gold pieces
  1019 | D        | Bought a flickering lapis lazuli ring for 45 gold pieces
  1019 | D        | Bought a wavering steel amulet for 45 gold pieces
  1030 | D        | Killed a ghoul
  1030 | D        | Reached XP level 11. HP: 63/117 MP: 10/10
  1077 | D        | Bought 2 rations for 40 gold pieces
  1077 | D        | Bought 2 rations for 40 gold pieces
  1174 | D        | Reached skill level 5 in Dodging
  1186 | D        | Arena points: 1048 (+56) [x1]
  1196 | D        | Round 8.
  1197 | D        | Noticed an entropy weaver
  1197 | D        | Noticed a wolf spider
  1199 | D        | Noticed an emperor scorpion
  1202 | D        | Slain by a wolf spider

Skill      XL: |  1  2  3  4  5  6  7  8  9 10 11 |
---------------+----------------------------------+-----
Axes           | 5 8 13 14 16 | 16.6
Fighting       | 4 11 16 17 | 17.1
Shields        | 6 11 17 | 17.1
Armour         | 4 |  4.3
Dodging        | 5 |  5.3

Action                   |  1- 3 |  4- 6 |  7- 9 | 10-12 || total
-------------------------+-------+-------+-------+-------++-------
Melee: War axe           |    20 |    27 |    51 |    66 ||   164
       Headbutt          |     3 |     7 |    14 |    20 ||    44
Invok: Potion Petition   |       |     1 |     3 |     3 ||     7
Evoke: Wand              |       |       |       |     3 ||     3
  Use: Potion            |     3 |     1 |     3 |     2 ||     9
 Stab: Invisible         |       |       |     1 |       ||     1
  Eat: Ration            |       |       |       |     1 ||     1
Armor: Scale mail        |     3 |     6 |    11 |    27 ||    47
Dodge: Dodged            |     7 |     2 |    13 |    29 ||    51
Block: Shield            |    13 |     8 |    22 |    55 ||    98
       Reflection        |     1 |       |     5 |       ||     6
